AoeStats
← Clueless Clown

Arabia

504395939Analyzed
4v4 RM · 27d ago on Sep 5, 2026· 48m 29s· 8 players
Game mode
Random Map
Map size
Large (8 player)
Population
200
Speed
Normal
Resources
Standard
Victory
Conquest
Starting age
Dark Age
Ending age
Imperial Age
RankedLock teamsTeams togetherTeam positionsShared explorationLock speedFull tech treeHidden civsTurbo modeCheats
Victory
Defeat
🇨🇱 Franks · Chile
1065
+15
🇨🇱 Vietnamese · Chile
1008
+17
🇵🇪 Italians · Peru
979
+18
🇨🇱 Britons · Chile
946
+19
🇨🇱 Spanish · Chile
1079
-20
🇺🇸 Britons · United States
1046
-18
🇦🇷 Celts · Argentina
996
-16
🇺🇸 Jurchens · United States
983
-15
DIO
1:03 Loom
10:59 Feudal Age
13:07 Horse Collar
13:14 Double-Bit Axe
18:21 Wheelbarrow
24:02 Castle Age
23:36 Padded Archer Armor
23:29 Fletching
25:21 Bodkin Arrow
26:25 Crossbowman
33:18 Padded Archer Armor
36:35 Ballistics
37:45 Yeomen
39:52 Murder Holes
43:57 Imperial Age
42:22 Leather Archer Armor
45:19 Murder Holes
48:25 Conscription
Clueless Clown
7:13 Loom
10:34 Feudal Age
15:15 Castle Age
Erickinio
3:44 Loom
10:50 Feudal Age
11:30 Double-Bit Axe
24:14 Castle Age
23:11 Forging
24:52 Light Cavalry
25:32 Husbandry
24:54 Pikeman
27:14 Scale Mail Armor
32:01 Iron Casting
36:07 Bow Saw
37:57 Wheelbarrow
37:05 Treadmill Crane
37:45 Ballistics
38:25 Scale Barding Armor
38:47 Gambesons
42:28 Chain Mail Armor
45:08 Imperial Age
42:25 Horse Collar
43:21 Stronghold
44:47 Chain Barding Armor
44:56 Fletching
45:26 Murder Holes
45:59 Masonry
46:19 Conscription
48:08 Hand Cart
PIPEX1356
5:35 Loom
11:35 Feudal Age
17:04 Bloodlines
17:09 Forging
17:26 Man-at-Arms
20:48 Wheelbarrow
25:47 Castle Age
24:02 Stone Mining
24:55 Padded Archer Armor
27:33 Fletching
28:48 Husbandry
40:23 Hand Cart
nofear090689
1:56 Loom
9:45 Feudal Age
12:03 Double-Bit Axe
17:37 Fletching
18:53 Padded Archer Armor
24:21 Castle Age
25:08 Thumb Ring
24:26 Crossbowman
25:03 Bodkin Arrow
27:40 Leather Archer Armor
32:51 Scale Barding Armor
34:54 Gold Mining
35:17 Husbandry
42:42 Imperial Age
42:28 Bloodlines
42:30 Forging
43:33 Bracer
43:20 Arbalester
43:55 Cavalier
47:52 Chemistry
48:58 Ring Archer Armor
Shaggy
7:10 Loom
10:25 Feudal Age
11:37 Man-at-Arms
16:28 Fletching
19:17 Padded Archer Armor
21:08 Forging
23:55 Wheelbarrow
24:26 Horse Collar
28:06 Castle Age
26:48 Double-Bit Axe
27:46 Scale Mail Armor
28:19 Crossbowman
29:07 Bodkin Arrow
29:28 Leather Archer Armor
29:51 Leather Archer Armor
29:50 Pikeman
41:20 Hand Cart
46:04 Imperial Age
44:55 Ballistics
46:05 Arbalester
46:48 Bracer
48:10 Chemistry
48:48 Ring Archer Armor
LA PRESION II
0:33 Loom
11:08 Feudal Age
11:34 Double-Bit Axe
12:44 Man-at-Arms
14:15 Fletching
14:25 Padded Archer Armor
24:52 Wheelbarrow
29:26 Castle Age
29:27 Crossbowman
30:13 Thumb Ring
29:39 Pikeman
30:27 Squires
37:54 Stone Mining
37:59 Gold Mining
39:54 Husbandry
40:05 Bloodlines
40:39 Bloodlines
45:58 Bow Saw
46:27 Stone Shaft Mining
46:41 Scale Barding Armor
46:48 Forging
46:53 Leather Archer Armor
zesar434
6:41 Loom
9:44 Feudal Age
11:05 Double-Bit Axe
16:11 Scale Barding Armor
20:57 Castle Age
18:53 Gold Mining
19:23 Scale Barding Armor
22:03 Forging
22:33 Husbandry
25:26 Chain Barding Armor
27:11 Wheelbarrow
27:23 Iron Casting
29:41 Hand Cart
30:42 Gold Shaft Mining
33:14 Imperial Age
35:22 Cavalier
39:37 Plate Barding Armor
40:03 Blast Furnace
42:04 Paladin
44:18 Chivalry
46:49 Fletching
46:59 Padded Archer Armor
48:33 Leather Archer Armor
48:14 Bodkin Arrow
Connection lost

Rejoining the realm…

Still unreachable

The connection could not be restored.

Session expired

The server has moved on; the page needs a fresh start.